 Dungeon Crawl Stone Soup version 0.30-a0-743-gbfdf073431 (webtiles) character file.

Game seed: 11114162730123519802

54 retardedninja the Ducker (level 3, 0/17 HPs)
             Began as a Felid Berserker on Feb 6, 2023.
             Was a Believer of Trog.
             Slain by a goblin
             ... wielding a +0 dagger of electrocution
             ... led by Robin
              (1 damage)
             ... on level 2 of the Dungeon.
             The game lasted 00:01:29 (947 turns).

retardedninja the Ducker (Felid Berserker)           Turns: 947, Time: 00:01:30

Health: 0/17       AC:  1    Str: 15    XL:     3   Next: 66%
Magic:  4/4        EV: 19    Int:  8    God:    Trog [**....]
Gold:   15         SH:  0    Dex: 15    Spells: 2/2 levels left
                                        Lives:  0   Deaths: 0

rFire   . . .      SeeInvis +      - Unarmed
rCold   . . .      Faith    .    (shield unavailable)
rNeg    . . .      Spirit   .    (body armour unavailable)
rPois   .          Reflect  .    (helmet unavailable)
rElec   .          Harm     .    (cloak unavailable)
rCorr   .          Rampage  .    (gloves unavailable)
Will    .....                    (boots unavailable)
Stlth   +                        (no amulet)
HPRegen 0.22/turn                (no ring)
MPRegen 0.09/turn                (no ring)

@: on berserk cooldown, slowed, slow
A: very small, claws 1, fangs 3, see invisible, speed 1, shaggy fur 1, stealthy
paws, no weapons or thrown items, no armour, multi-lived
a: Renounce Religion, Berserk, Trog's Hand


You were on level 2 of the Dungeon.
You worshipped Trog.
Trog was pleased with you.
You visited 1 branch of the dungeon, and saw 2 of its levels.

You collected 15 gold pieces.

Inventory:

Scrolls
 a - 2 scrolls of identify {unknown}
 b - a scroll of immolation {unknown}
 c - a scroll of teleportation {unknown}


   Skills:
 + Level 3.6 Fighting
 + Level 4.8 Dodging
 + Level 3.6 Unarmed Combat


You had 2 spell levels left.
You didn't know any spells.
Your spell library was empty.

Dungeon Overview and Level Annotations

Branches:
Dungeon (2/15)

Altars:


Innate Abilities, Weirdness & Mutations

You have sharp claws.
You have razor-sharp teeth.
You have supernaturally acute eyesight. (SInv)
You cover ground quickly. (Speed+)
You are covered in fur. (AC +1)
Your paws help you pounce on unaware monsters.
You are incapable of wielding weapons or throwing items.
You cannot wear armour.
You gain extra lives every three experience levels.


Message History

You claw the hobgoblin!
You kill the hobgoblin!
Trog accepts your kill. The hobgoblin completely misses you.
Robin hits you from afar with a +0 spear.
Items here: )))) ††††.
You scratch the hobgoblin.
You feel the power of Trog in you as your rage grows.
You kill the hobgoblin!
Trog accepts your kill. Robin barely misses you.
The goblin completely misses you.
Found a stone staircase leading down.
Things that are here:
a +0 dagger; a hobgoblin corpse
Found a whip.
You feel a strong urge to attack something.
Robin completely misses you.
You scratch Robin.
Robin is moderately wounded.
You claw Robin! You bite Robin.
You kill Robin!
Trog accepts your kill.
Things that are here:
a +0 spear; a +0 animal skin; a +0 helmet You feel a strong urge to attack something.
The goblin hits you with a +0 dagger.
* * * LOW HITPOINT WARNING * * *
You closely miss the goblin.
The goblin no longer looks unusually strong.
You are no longer berserk.
You are exhausted.
You feel yourself slow down.
Things that are here:
a +0 dagger; a hobgoblin corpse You closely miss the goblin.
The goblin hits you with a +0 dagger of electrocution.
* * * LOW HITPOINT WARNING * * *
The goblin misses you.
The goblin hits you with a +0 dagger of electrocution.
You die...

#.. #........... #..
#.......#.##
#..########....###.#
............†.....#
#..# #####.....####
# #..# #.....# .>.
#..# ###.###
##...#.g#########.#
).......@g).......#
##...##############
##. #


You could see 2 goblins.

Vanquished Creatures
  Robin (D:2)
  A dart slug (D:1)
  5 bats
  4 endoplasms (D:1)
  8 goblins
  6 hobgoblins
  2 jackals (D:1)
  A kobold (D:1)
  4 ball pythons
  A ball python skeleton (D:2)
  2 frilled lizards
  2 rats (D:1)
37 creatures vanquished.

Notes
Turn   | Place    | Note
-------+----------+-------------------------------------------
     0 | D:1      | retardedninja the Felid Berserker began the quest for the
                  | Orb.
     0 | D:1      | Reached XP level 1. HP: 10/10 MP: 2/2
   267 | D:1      | Reached XP level 2. HP: 14/14 MP: 3/3
   800 | D:1      | Reached XP level 3. HP: 14/17 MP: 4/4
   913 | D:2      | Noticed Robin
   916 | D:2      | Reached ** piety under Trog
   942 | D:2      | Killed Robin
   947 | D:2      | Slain by a goblin

Illustrated notes

Levels and vault maps discovered:
D:1:      minmay_arrival_semitransparent, layout_basic, st_stairs_9, hex_medium
D:2:      layout_loops_ring, serial_undead, serial_undead_e, serial_undead_c,
          serial_undead_c, serial_undead_e, uniq_sigmund, uniq_robin

Action                     || total
---------------------------++-------
  Melee: Unarmed           ||    78
         Bite              ||     3
         Punch             ||     1
 Invoke: Berserk           ||     1
    Use: Potion            ||     1
 Armour: Skin              ||     3
  Dodge: Dodged            ||    66

Table legend: (Time is in decaauts)
 A = Elapsed time spent in this place.
 B = Non-inter-level travel time spent in this place.
 C = Inter-level travel time spent in this place.
 D = Time resting spent in this place.
 E = Time spent auto-exploring this place.
 F = Levels seen in this place.
 G = Mean time per level.
                   A        B        C        D        E       F      G
               +--------+--------+--------+--------+--------+-----+--------+
         Total |    820 |    809 |     11 |    202 |    455 |   2 |  410.0 |
       Dungeon |    820 |    809 |     11 |    202 |    455 |   2 |  410.0 |
               +--------+--------+--------+--------+--------+-----+--------+

Top non-repeatable levels by time:
     D:1: 731 daAuts
     D:2: 89 daAuts
